 Dungeon Crawl Stone Soup version 0.30-a0-870-gc5d4c5acee (webtiles) character file.

Game seed: 8495431727574517037

49 cforsyth the Covered (level 3, -6/30 HPs)
             Began as a Barachi Fighter on Mar 12, 2023.
             Killed by divine providence
             ... invoked by an orc priest
              (11 damage)
             ... on level 3 of the Dungeon.
             The game lasted 00:01:47 (1554 turns).

cforsyth the Covered (Barachi Fighter)              Turns: 1554, Time: 00:01:47

Health: -6/30      AC:  7    Str: 19    XL:     3   Next: 77%
Magic:  3/3        EV:  9    Int:  8    God:
Gold:   129        SH:  4    Dex: 11    Spells: 2/2 levels left

rFire   . . .      SeeInvis .    a - +0 war axe
rCold   . . .      Faith    .    c - +0 buckler
rNeg    . . .      Spirit   .    b - +0 scale mail
rPois   .          Reflect  .    (no helmet)
rElec   .          Rampage  .    (no cloak)
rCorr   .                        (no gloves)
Will    .....                    (no boots) Stlth
                                 (no amulet)
HPRegen 0.25/turn                q - ring of wizardry
MPRegen 0.08/turn                (no ring)

@: slow
A: amphibious, slowness 1, strong legs 1, +LOS
a: Hop


You were on level 3 of the Dungeon.
You visited 1 branch of the dungeon, and saw 3 of its levels.

You collected 129 gold pieces.

Inventory:

Hand Weapons
 a - a +0 war axe (weapon)
Armour
 b - a +0 scale mail (worn)
 c - a +0 buckler (worn)
Jewellery
 g - a ring of fire
 q - a ring of wizardry (left hand)
Scrolls
 e - 3 scrolls of blinking {unknown}
 f - a scroll of enchant armour {unknown}
 h - a scroll of magic mapping {unknown}
 k - a scroll of teleportation {unknown}
 m - a scroll of fog {unknown}
 n - 2 scrolls of identify {unknown}
 p - a scroll of immolation {unknown}
Potions
 d - a potion of might
 i - 2 potions of curing {unknown}
 j - a potion of magic {unknown}
 l - a potion of haste {unknown}
 o - 2 potions of cancellation {unknown}
 r - a potion of heal wounds {unknown}


   Skills:
 + Level 4.1 Fighting
 + Level 2.9 Axes
 + Level 4.2 Armour
 + Level 3.7 Shields


You had 2 spell levels left.
You didn't know any spells.
Your spell library was empty.

Dungeon Overview and Level Annotations

Branches:
Dungeon (3/15)

Altars:

Shops:
D:2 (


Innate Abilities, Weirdness & Mutations

You are amphibious.
You cover ground slowly.
You can hop short distances.
You have an extended range of vision and can be seen from far away.


Message History

The orc's wounds heal themselves!
You block the orc's attack.
You hit the orc priest.
The orc priest is moderately wounded.
You closely miss the orc.
The orc priest hits you with a +0 dagger.
The orc barely misses you.
The orc priest invokes the aid of Beogh against you.
Beogh smites you!
* * * LOW HITPOINT WARNING * * *
You are too injured to fight recklessly!
You are too injured to fight recklessly!
You are too injured to fight recklessly!
You are too injured to fight recklessly!
You are too injured to fight recklessly!
You are too injured to fight recklessly!
You closely miss the orc priest.
The orc priest is moderately wounded.
You hit the orc. The orc hits you but does no damage.
The orc priest closely misses you.
The orc complains loudly.
The orc hits you but does no damage.
You hit the orc priest but do no damage.
The orc priest is moderately wounded.
The orc priest hits you with a +0 dagger.
* * * LOW HITPOINT WARNING * * *
The orc priest hits you with a +0 dagger.
* * * LOW HITPOINT WARNING * * *
You slash the orc priest!
The orc priest is severely wounded.
The orc priest closely misses you.
You hit the orc priest but do no damage.
The orc priest is severely wounded.
The orc priest closely misses you.
The orc priest hits you with a +0 dagger.
* * * LOW HITPOINT WARNING * * *
You closely miss the orc priest.
The orc priest is severely wounded.
The orc priest mumbles some strange prayers to Beogh against you.
Beogh smites you!
You die...

#.##.######....# #.
#.##.. .......# #.
###.########.....# ##
#.....# #.....#
#.#.#.# ##...## ###
#...#.#############...
#####.##.o..o.b.o.r...
#.#..#########.w..
#@#o###o...o......
#o#.# ..~...~.....


#ooo# .o..o....... #..ob.#B.........r.. #####.#$........B.## #.##..~...~.... #.#
#.......... #.. ########.... ##. You could see an orc priest, 3 orcs and a bat.

Vanquished Creatures
  An adder (D:3)
  A dart slug (D:1)
  5 ball pythons
  7 bats
  4 endoplasms
  A giant cockroach (D:3)
  3 goblins
  3 hobgoblins
  6 kobolds
  4 frilled lizards
  4 rats
39 creatures vanquished.

Notes
Turn   | Place    | Note
-------+----------+-------------------------------------------
     0 | D:1      | cforsyth the Barachi Fighter began the quest for the Orb.
     0 | D:1      | Reached XP level 1. HP: 18/18 MP: 1/1
   203 | D:1      | Reached XP level 2. HP: 21/25 MP: 2/2
   830 | D:2      | Reached XP level 3. HP: 29/30 MP: 3/3
   953 | D:2      | Found Vuem's Antique Weapon Shoppe.
  1197 | D:2      | Found the +7 Throatcutter {drain, coup de grace}
  1554 | D:3      | Killed from afar by an orc priest

Illustrated notes

Levels and vault maps discovered:
D:1:      psy_arrival_conway, layout_loops_cross
D:2:      kennysheep_big_flooded_room, layout_loops_ring, serial_shops,
          nicolae_shop_behind_doors
D:3:      cheibrodos_pilgrimage, layout_basic, nzn_wu_jian_contemplation,
          nemelex_diamond_rough_becter

Skill      XL: |  1  2 |
---------------+-------+-----
Armour         | 4 |  4.2
Fighting       | 4 |  4.1
Axes           | |  2.9
Shields        | |  3.7

Action                     || total
---------------------------++-------
  Melee: War axe           ||   129
 Armour: Scale mail        ||    58
  Dodge: Dodged            ||    83
  Block: Buckler           ||    38

Table legend: (Time is in decaauts)
 A = Elapsed time spent in this place.
 B = Non-inter-level travel time spent in this place.
 C = Inter-level travel time spent in this place.
 D = Time resting spent in this place.
 E = Time spent auto-exploring this place.
 F = Levels seen in this place.
 G = Mean time per level.
                   A        B        C        D        E       F      G
               +--------+--------+--------+--------+--------+-----+--------+
         Total |   1855 |   1782 |     73 |      0 |   1400 |   3 |  618.3 |
       Dungeon |   1855 |   1782 |     73 |      0 |   1400 |   3 |  618.3 |
               +--------+--------+--------+--------+--------+-----+--------+

Top non-repeatable levels by time:
     D:1: 911 daAuts
     D:2: 742 daAuts
     D:3: 201 daAuts
